 Dungeon Crawl Stone Soup version 0.29-a0-1052-g6990b1bffc (webtiles) character file.

Game seed: 2124538588582766386

50260 freelancePsychic the Warrior (level 14, -7/98 HPs)
             Began as a Gargoyle Transmuter on Aug 17, 2022.
             Was a High Priest of Fedhas.
             Mangled by an orc knight
             ... wielding a +3 dire flail
              (12 damage)
             ... on level 2 of the Orcish Mines.
             The game lasted 00:40:40 (25586 turns).

freelancePsychic the Warrior (Gargoyle Transmuter) Turns: 25586, Time: 00:40:40

Health: -7/98      AC: 30    Str: 21    XL:     14   Next: 54%
Magic:  0/22       EV:  9    Int: 14    God:    Fedhas [*****.]
Gold:   3104       SH: 11    Dex: 10    Spells: 16/17 levels left

rFire   + . .      SeeInvis .   S - +0 demon whip (venom)
rCold   . . .      Faith    .   M - +0 kite shield
rNeg    + + .      Spirit   +   h - +1 plate armour {rF+}
rPois   ∞          Reflect  .   Z - +1 hat {Will+}
rElec   +          Harm     .   U - +0 cloak
rCorr   .          Rampage  +   I - +0 pair of gloves
Will    +++..                   O - +2 pair of boots {rampage}
Stlth   ..........              s - amulet of guardian spirit
HPRegen 0.26/turn               l - ring "Venistro" {rN+ Will+ Str+2}
MPRegen 0.18/turn               v - +4 ring of evasion

@: flying
A: sickness immunity, AC +10, big wings, negative energy resistance 1,
electricity resistance, torment resistance 1, petrification resistance
a: Renounce Religion, Wall of Briars, Grow Ballistomycete, Overgrow, Grow Oklob


You were on level 2 of the Orcish Mines.
You worshipped Fedhas.
Fedhas was extremely pleased with you.
You visited 4 branches of the dungeon, and saw 20 of its levels.

You collected 3366 gold pieces.
You spent 262 gold pieces at shops.

Inventory:

Hand Weapons
 b - a +3 morningstar
 S - a +0 demon whip of venom (weapon)
Missiles
 X - 2 throwing nets
Armour
 h - a +1 plate armour of fire resistance (worn)
 I - a +0 pair of gloves (worn)
 M - a +0 kite shield (worn)
 O - a +2 pair of boots of rampaging (worn)
 U - a +0 cloak (worn)
 Z - a +1 hat of willpower (worn)
Jewellery
 l - the ring "Venistro" (left hand) {rN+ Will+ Str+2}
   (You found it on level 4 of the Dungeon)

   [ring of willpower]

   Str:       It affects your strength (+2).
   rN:        It protects you from negative energy.
   Will:      It increases your willpower.
 s - an amulet of guardian spirit (around neck)
 t - a ring of protection from cold
 v - a +4 ring of evasion (right hand)
 y - a ring of fire
 E - an amulet of magic regeneration
 L - a +6 ring of dexterity
 V - the amulet "Doatiuq" {Acrobat rPois Str-4 Int+3 Dex+6}
   (You found it on level 4 of the Lair of Beasts)

   [amulet of the acrobat]

   It increases your evasion while moving and waiting.
   Str:       It affects your strength (-4).
   Int:       It affects your intelligence (+3).
   Dex:       It affects your dexterity (+6).
   rPois:     It protects you from poison.
Wands
 u - a wand of iceblast (4)
 B - a wand of light (15)
 K - a wand of polymorph (8)
 Q - a wand of paralysis (26)
 T - a wand of flame (56)
Scrolls
 a - 2 scrolls of teleportation {@r4}
 c - a scroll of brand weapon
 d - 3 scrolls of fog
 e - 3 scrolls of amnesia
 f - a scroll of enchant armour
 i - 2 scrolls of blinking
 k - 7 scrolls of vulnerability
 n - 7 scrolls of immolation
 F - 6 scrolls of noise
 N - 4 scrolls of identify {@r1}
 R - 5 scrolls of fear
 W - 2 scrolls of poison
Potions
 g - a potion of berserk rage
 j - 8 potions of mutation
 m - a potion of resistance
 o - a potion of degeneration
 p - 4 potions of curing {@q1}
 q - 5 potions of ambrosia
 w - 3 potions of might
 x - 2 potions of flight
 z - 5 potions of lignification
 C - 2 potions of haste {@q3}
 D - a potion of brilliance
 G - 3 potions of heal wounds {@q2}
 H - 3 potions of attraction
 Y - 2 potions of invisibility
Miscellaneous
 P - a phial of floods


   Skills:
 + Level 15.5 Fighting
 - Level 2.6 Short Blades
 - Level 12.1 Maces & Flails
 - Level 1.5(7.9) Staves
 + Level 5.8 Armour
 - Level 1.5 Dodging
 - Level 2.9 Stealth
 + Level 12.6 Shields
 - Level 3.0 Unarmed Combat
 - Level 2.0 Spellcasting
 - Level 1.5 Transmutations
 - Level 11.2 Invocations


You had 16 spell levels left.
You knew the following spells:

 Your Spells              Type           Power      Damage    Failure   Level
a - Beastly Appendage     Tmut           10%        N/A       99%         1

Your spell library contained the following spells:

 Spells                   Type           Power      Damage    Failure   Level
 Freeze                   Ice            4%         1d3       100%        1
 Necrotise                Necr           4%         1d4       100%        1
 Slow                     Hex            4%         N/A       100%        1
 Static Discharge         Conj/Air       1%         3-4/arc   100%        2
 Wereblood                Tmut           5%         N/A       100%        2
 Confusing Touch          Hex            1%         N/A       100%        3
 Frozen Ramparts          Ice            2%         1d1       100%        3
 Gell's Gravitas          Tloc           1%         N/A       100%        3
 Spider Form              Tmut/Pois      3%         N/A       100%        3
 Teleport Other           Tloc           1%         N/A       100%        3
 Vampiric Draining        Necr           1%         2d6       100%        3
 Hailstorm                Conj/Ice       1%         3d3       100%        4
 Ice Form                 Ice/Tmut       3%         N/A       100%        4
 Agony                    Necr           1%         N/A       100%        5
 Lightning Bolt           Conj/Air       0%         1d11      100%        5
 Yara's Violent Unravell  Hex/Tmut       1%         3d3       100%        5
 Dispersal                Tloc           0%         N/A       100%        6
 Enfeeble                 Hex            0%         N/A       100%        7
 Maxwell's Capacitive Co  Air            0%         ∞         100%        8


Dungeon Overview and Level Annotations

Branches:
Dungeon (12/15)            Temple (1/1) D:5            Lair (5/5) D:11
  Swamp (0/4) Lair:2       Spider (0/4) Lair:2        Slime (0/5) Lair:4
    Orc (2/2) D:9             Elf (0/3) Orc:2

Altars:
Ashenzari
Cheibriados
Dithmenos
Elyvilon
Fedhas
Gozag
Hepliaklqana
Kikubaaqudgha
Makhleb
Nemelex Xobeh
Okawaru
Qazlal
Ru
Sif Muna
Trog
Uskayaw
Vehumet
Wu Jian
Xom
Yredelemnul
Zin
The Shining One
Jiyva

Shops:
D:6 :   D:8 [   Orc:2 [

Annotations:
D:4 exclusion: door
D:9 2 runed translucent doors, Valamore's ghost, novice GrEE
Lair:5 3 runed translucent doors, Galov's ghost, journeyman DsWn


Innate Abilities, Weirdness & Mutations

You are immune to sickness and miasma.
Your stone body is resilient. (AC +10)
You are immune to poison.
Your large and strong wings let you fly.
You resist negative energy. (rN+)
You are resistant to electric shocks. (rElec)
You are resistant to unholy torment.
You are immune to petrification.


Message History

The splash of acid hits the orc knight!!
The acid corrodes the orc knight!
A warg comes into view.
You strike the helpless orc knight from behind!
You whack the orc knight!
The orc knight is poisoned.
The orc knight is severely wounded.
You block the orc knight's attack.
The orc knight hits you with a +3 dire flail!
You whack the orc knight!
The orc knight is almost dead.
You hit the orc knight but do no damage.
The orc knight looks as sick as possible!
The orc knight is almost dead.
You block the orc knight's attack.
The orc knight hits you with a +3 dire flail!
The orc knight attacks as you move away!
The orc knight hits you with a +3 dire flail.
* * * LOW HITPOINT WARNING * * *
The orc knight hits you with a +0 great sword!
* * * LOW HITPOINT WARNING * * *
The orc knight attacks as you move away!
The orc knight hits you but does no damage.
The warg bites your oklob plant.
The orc knight hits your oklob plant with a +0 great sword!!!
Your oklob plant spits acid at the orc knight.
The splash of acid hits the orc knight!
The orc knight seems to be corroded for longer.
The orc knight dies!
Fedhas appreciates your contribution to the ecosystem.
You hit the orc knight.
The orc knight is lightly wounded.
The warg bites your oklob plant.
The orc knight hits you with a +3 dire flail!!
* * * LOW HITPOINT WARNING * * *
You fly carefully through the plants.
The orc knight no longer looks unusually strong.
The warg misses you. The warg closely misses you.
The orc knight hits you with a +3 dire flail!
You die...
Fedhas appreciates your contribution to the ecosystem.

#...)###### 8...8
##.)))## ## ....
#....#.##.##
##.##......# ..
##......#...#####..
##.#...........8....
#...................
##.#.#..............
##.#.....@)..).....
#.....#.#oh)).8....
##....#.#...#####.
###.....)))..#
#........).##
##........##
##.........#
##.....#....#
#...#.......##


You could see an orc knight (corroded, ally target), a warg and a friendly oklob
plant (summoned).

Vanquished Creatures
  Gastronok (Orc:1)
  An orc warlord (D:9)
  Snorg (Lair:4)
  4 boulder beetles
  3 hydras
  Harold (D:9)
  3 two-headed ogres
  A centaur warrior (D:11)
  4 catoblepae
  Erica (D:8)
  An orc high priest (Orc:2)
  10 death yaks
  Amaemon (D:10)
  Nergalle (Orc:1)
  An orc knight (Orc:2)
  2 orc sorcerers (Orc:1)
  2 manticores (Lair:5)
  A wolf spider (Lair:2)
  An ugly thing (D:11)
  2 cyclopes (D:11)
  Maurice (D:10)
  An orange demon (D:9)
  3 black mambas
  3 cane toads
  Maggie (D:7)
  3 rime drakes
  7 komodo dragons
  3 trolls
  A polar bear (Lair:4)
  4 blink frogs (Lair:4)
  4 dream sheep (Lair:4)
  2 shadows
  A wraith (D:10)
  25 yaks
  A vampire (D:7)
  6 wyverns
  5 fire bats
  4 basilisks
  4 steam dragons
  7 vampire mosquitoes
  A hell hound (D:9)
  11 water moccasins
  A sky beast (D:8)
  2 acid dragons (D:11)
  4 black bears
  4 ice beasts
  17 orc warriors
  6 wolves (Lair:4)
  6 ogres
  5 centaurs
  3 phantoms
  2 kobold brigands
  Blork the orc (D:4)
  A gnoll sergeant (D:8)
  9 bullfrogs
  A necrophage (D:6)
  4 scorpions
  17 wights
  A troll zombie (D:9)
  7 killer bees
  2 electric eels (Lair:4)
  6 howler monkeys
  5 lava snakes
  2 jellies (D:4)
  3 hounds
  A gnoll bouda (D:6)
  18 orc priests
  2 iguanas
  19 orc wizards
  7 ogre zombies (D:9)
  5 gnolls (D:6)
  6 adders
  A shadow imp (D:7)
  A dart slug (D:1)
  58 orcs
  7 endoplasms
  4 giant cockroaches
  3 goblins (D:1)
  9 hobgoblins
  6 jackals
  4 kobolds
  A quokka (D:1)
  7 ball pythons
  4 bats
  2 frilled lizards
  3 goblin zombies (D:9)
  2 hobgoblin skeletons (D:9)
  3 hobgoblin zombies (D:9)
  3 orc skeletons (D:9)
  14 orc zombies (D:9)
  3 rats
  A fire vortex (D:9)
443 creatures vanquished.

Vanquished Creatures (collateral kills)
  An orc knight (Orc:2)
  An orc sorcerer (Orc:2)
  A will-o-the-wisp (Lair:2)
  A yak (Lair:2)
  3 orc warriors (Orc:2)
  2 orc wizards (Orc:2)
  55 ballistomycete spores
64 creatures vanquished.

Vanquished Creatures (others)
  Psyche (D:11)
  A fire bat (Lair:2)
  An orc wizard (D:5)
  4 ballistomycete spores
  2 fire vortices (D:9)
  8 foxfires (Lair:2)
  22 fungi
  60 plants
99 creatures vanquished.

Grand Total: 606 creatures vanquished

Notes
Turn   | Place    | Note
-------+----------+-------------------------------------------
     0 | D:1      | freelancePsychic the Gargoyle Transmuter began the quest
                  | for the Orb.
     0 | D:1      | Reached XP level 1. HP: 12/12 MP: 3/3
   182 | D:1      | Reached skill level 1 in Stealth
   236 | D:1      | Reached XP level 2. HP: 14/17 MP: 5/5
   392 | D:1      | Reached skill level 2 in Fighting
   959 | D:1      | Reached XP level 3. HP: 14/22 MP: 4/6
  1721 | D:2      | Found a faded altar of an unknown god.
  2723 | D:3      | Reached XP level 4. HP: 24/27 MP: 5/7
  2726 | D:3      | Reached skill level 3 in Fighting
  2823 | D:3      | Reached skill level 1 in Maces & Flails
  3354 | D:3      | Reached skill level 1 in Short Blades
  3354 | D:3      | Reached XP level 5. HP: 22/32 MP: 8/8
  3356 | D:3      | Reached skill level 1 in Shields
  3748 | D:4      | Reached skill level 4 in Fighting
  3748 | D:4      | Reached XP level 6. HP: 32/38 MP: 9/9
  3940 | D:4      | Identified the ring "Venistro" {rN+ Will+ Str+2}
  4075 | D:4      | Reached skill level 1 in Staves
  4239 | D:4      | Reached XP level 7. HP: 44/44 MP: 8/10
  4344 | D:4      | Noticed Blork the orc
  4352 | D:4      | Killed Blork the orc
  4873 | D:5      | Entered Level 5 of the Dungeon
  5004 | D:5      | Reached skill level 5 in Fighting
  5104 | D:5      | Reached XP level 8. HP: 49/49 MP: 11/11
  5458 | D:5      | Found a staircase to the Ecumenical Temple.
  5575 | Temple   | Entered the Ecumenical Temple
  5774 | Temple   | Became a worshipper of Fedhas Madash
  5826 | D:6      | Found Dole's Self-Improvement Boutique.
  5857 | D:6      | Reached skill level 5 in Maces & Flails
  5982 | D:6      | Reached skill level 1 in Invocations
  6195 | D:6      | Reached skill level 6 in Fighting
  6401 | D:6      | Reached XP level 9. HP: 44/56 MP: 10/12
  7321 | D:7      | Noticed a troll
  7349 | D:7      | Killed a troll
  7350 | D:7      | Reached skill level 7 in Fighting
  7632 | D:7      | Found a sacrificial altar of Ru.
  8062 | D:7      | Reached * piety under Fedhas
  8377 | D:8      | Reached skill level 5 in Invocations
  8534 | D:8      | Reached XP level 10. HP: 62/64 MP: 13/13
  8721 | D:8      | Reached skill level 8 in Fighting
  9012 | D:8      | Found Ciastrame's Antique Armour Shoppe.
  9020 | D:8      | Bought a pair of runed boots for 262 gold pieces
  9175 | D:8      | Found a shimmering altar of Xom.
  9343 | D:8      | Noticed Erica
  9354 | D:8      | Killed Erica
  9631 | D:8      | Found a shimmering blue altar of Sif Muna.
  9631 | D:8      | Found a glowing golden altar of the Shining One.
  9639 | D:8      | Found a faded altar of an unknown god.
  9641 | D:8      | Found a hazy altar of Hepliaklqana.
  9643 | D:8      | Found a faded altar of an unknown god.
  9773 | D:9      | Noticed Harold
  9958 | D:9      | Identified a scroll of acquirement
  9959 | D:9      | Acquired 1381 gold pieces
 10118 | D:9      | Killed Harold
 10119 | D:9      | Reached skill level 10 in Maces & Flails
 10141 | D:9      | Noticed a two-headed ogre
 10153 | D:9      | Reached ** piety under Fedhas
 10154 | D:9      | Killed a two-headed ogre
 10155 | D:9      | Reached skill level 9 in Fighting
 10528 | D:9      | You fall into a shaft and drop 3 floors!
 10579 | D:11     | Reached XP level 11. HP: 45/71 MP: 12/16
 10742 | D:10     | Entered Level 10 of the Dungeon
 10860 | D:10     | Noticed a boulder beetle
 10866 | D:10     | Killed a boulder beetle
 11297 | D:10     | Identified the +8 flail of Cutwojiff {freeze, Int+4}
 11619 | D:9      | Found a staircase to the Orcish Mines.
 11635 | D:9      | Reached *** piety under Fedhas
 11675 | D:9      | Noticed Amaemon
 11708 | D:10     | Killed Amaemon
 11823 | D:9      | Noticed Maurice
 11843 | D:10     | Killed Maurice
 12148 | D:9      | Found a large runed translucent door.
 12148 | D:9      | Found a large runed translucent door.
 12152 | D:9      | Noticed Valamore's ghost (novice GrEE)
 12290 | D:9      | Reached skill level 10 in Fighting
 12741 | D:11     | Noticed a cyclops
 12744 | D:11     | Killed a cyclops
 12746 | D:11     | Noticed a boulder beetle
 12765 | D:11     | Killed a boulder beetle
 12772 | D:11     | Noticed a centaur warrior
 12774 | D:11     | Noticed a purple ugly thing
 12781 | D:11     | Killed a centaur warrior
 12785 | D:11     | Killed a purple ugly thing
 12786 | D:11     | Reached skill level 5 in Shields
 12978 | D:11     | Noticed a two-headed ogre
 12988 | D:11     | Killed a two-headed ogre
 12989 | D:11     | Reached skill level 11 in Fighting
 12989 | D:11     | Reached XP level 12. HP: 80/80 MP: 14/19
 13086 | D:11     | Noticed a boulder beetle
 13112 | D:11     | Killed a boulder beetle
 13162 | D:11     | Noticed Psyche
 13647 | D:7      | Noticed Maggie
 13660 | D:7      | Killed Maggie
 13661 | D:7      | Reached skill level 10 in Invocations
 14050 | Orc:1    | Entered Level 1 of the Orcish Mines
 14060 | D:9      | Reached **** piety under Fedhas
 14634 | Orc:1    | Noticed Nergalle
 14639 | Orc:1    | Noticed a boulder beetle
 14646 | Orc:1    | Killed Nergalle
 14654 | Orc:1    | Killed a boulder beetle
 14894 | Orc:1    | Noticed Gastronok
 15016 | Orc:1    | Killed Gastronok
 15017 | Orc:1    | Reached skill level 12 in Fighting
 15183 | Orc:2    | Entered Level 2 of the Orcish Mines
 15268 | Orc:2    | Noticed a two-headed ogre
 15298 | Orc:1    | Killed a two-headed ogre
 15795 | D:11     | Found a staircase to the Lair.
 16012 | D:11     | Killed Psyche
 16312 | Lair:1   | Entered Level 1 of the Lair of Beasts
 17147 | Lair:2   | Reached XP level 13. HP: 87/87 MP: 21/21
 17187 | Lair:2   | Found a staircase to the Swamp.
 17530 | Lair:2   | Found a hole to the Spider Nest.
 17893 | Lair:2   | Reached skill level 13 in Fighting
 18115 | Lair:2   | Identified the +6 long sword "Kadghyz" {vorpal, *Slow rPois
                  | Will+ Stlth+}
 18315 | Lair:2   | Found a hazy altar of Hepliaklqana.
 19627 | Lair:4   | Reached skill level 10 in Shields
 19988 | Lair:4   | Reached skill level 14 in Fighting
 20864 | Lair:4   | Noticed Snorg
 20882 | Lair:4   | Killed Snorg
 20998 | Lair:4   | Identified the amulet "Doatiuq" {Acrobat rPois Str-4 Int+3
                  | Dex+6}
 21028 | Lair:4   | Found a viscous altar of Jiyva.
 21029 | Lair:4   | Found a staircase to the Slime Pits.
 21257 | Lair:5   | Entered Level 5 of the Lair of Beasts
 21321 | Lair:5   | Reached skill level 1 in Armour
 21724 | Lair:5   | Gained mutation: Your large and strong wings let you fly.
                  | [Gargoyle growth]
 21724 | Lair:5   | Reached XP level 14. HP: 47/96 MP: 9/22
 21789 | Lair:5   | Reached ***** piety under Fedhas
 22197 | Lair:5   | Reached skill level 15 in Fighting
 22650 | Lair:5   | Identified the +0 buckler of Nuicliulo {rCorr Str+2}
 22651 | Lair:5   | Identified the +3 morningstar "Seimut" {antimagic, rElec
                  | rF+ Will- Str+8}
 22760 | Lair:5   | Found a runed translucent gate.
 22760 | Lair:5   | Found a runed translucent gate.
 22760 | Lair:5   | Found a runed translucent gate.
 22760 | Lair:5   | Noticed an azure jelly
 22760 | Lair:5   | Noticed an acid blob
 22760 | Lair:5   | Noticed an azure jelly
 22770 | Lair:5   | Noticed an azure jelly
 22850 | Lair:5   | Noticed Galov's ghost (journeyman DsWn)
 22851 | Lair:5   | Noticed an azure jelly
 22875 | Lair:5   | Noticed an azure jelly
 22893 | Lair:5   | Noticed an azure jelly
 22909 | Lair:5   | Noticed an azure jelly
 23492 | Lair:5   | Found a viscous altar of Jiyva.
 23723 | Orc:2    | Noticed an orc warlord
 24100 | D:9      | Killed an orc warlord
 24101 | D:9      | Reached skill level 5 in Armour
 25173 | Orc:2    | Found Jeatep's Antique Armour Shop.
 25342 | Orc:2    | Found a staircase to the Elven Halls.
 25585 | Orc:2    | HP: 4/98 [orc knight/+3 dire flail (17)]
 25586 | Orc:2    | Mangled by an orc knight

Illustrated notes

Levels and vault maps discovered:
D:1:      tarquinn_simple_flora_water_f, layout_rooms
D:2:      layout_basic, shapermc_ecumenical_altar_mp_ritualfount,
          hangedman_abyss_or_decor_stabs
D:3:      layout_rooms, serial_bayou_ford_a, minmay_ruptured
D:4:      minmay_opposing_rooms, layout_basic, uniq_blork_the_orc
D:5:      layout_rooms, lemuel_temple_firewalk_b
D:6:      cheibrodos_steamvent, layout_basic, nicolae_shop_self_help
D:7:      kennysheep_big_flooded_room, layout_basic, hangedman_ru_absence,
          uniq_maggie
D:8:      minmay_inner_zag, layout_loops_ring, mainiacjoe_overflow_paths,
          chequers_temple_overflow_minitemple, serial_shops, shop,
          minmay_increasing_density, uniq_erica
D:9:      layout_basic, zombieorc2_lemuel, ebering_ghost_disaster_area,
          hangedman_incinerator, uniq_amaemon, uniq_maurice, uniq_harold
D:10:     layout_gridville, minmay_misc_feat_tiny, roderic_roman_lattice,
          chequers_mini_garden
D:11:     layout_cross, dpeg_oklobed_lair, minmay_shattered_shrine, uniq_psyche
D:12:     layout_roguey [special_room_orc], nicolae_transporter_circle
Temple:   nicolae_temple_bog_church
Lair:1:   layout_hall_layers
Lair:2:   layout_gridlike, minmay_swamp_entry_wisps,
          spider_nest_entry_funnel_web, lemuel_centaur_altar
Lair:3:   layout_hall_layers
Lair:4:   layout_regular_city, minmay_slime_entry_oklob_enclosed,
          serial_bayou_shore_a, lemuel_fruit_tree, grunt_megastairs_5,
          uniq_snorg
Lair:5:   evilmike_catoblepas_cave, layout_regular_city, gammafunk_ghost_ooze,
          nicolae_quartered_pool_little
Orc:1:    layout_caves, basic_altar, rock_pile, uniq_nergalle, uniq_gastronok
Orc:2:    grunt_orc_cross, layout_caves, serial_shops, shop_coins, uniq_nessos

Skill      XL: |  1  2  3  4  5  6  7  8  9 10 11 12 13 14 |
---------------+-------------------------------------------+-----
Stealth        | 1 2 |  2.9
Fighting       | 2 3 4 5 6 7 9 11 12 14 15 | 15.5
Maces & Flails | 1 2 4 6 8 10 11 12 | 12.1
Short Blades   | 1 2 |  2.6
Shields        | 1 2 3 4 5 8 11 12 | 12.6
Staves         | 1 |  1.5
Invocations    | 3 5 7 9 11 | 11.2
Armour         | 2 5 |  5.8
Dodging        | |  1.5
Unarmed Combat | |  3.0
Spellcasting   | |  2.0
Transmutations | |  1.5

Action                   |  1- 3 |  4- 6 |  7- 9 | 10-12 | 13-15 || total
-------------------------+-------+-------+-------+-------+-------++-------
Melee: Dagger            |   160 |    52 |       |       |       ||   212
       Unarmed           |     7 |       |       |       |       ||     7
       Headbutt          |     7 |       |       |       |       ||     7
       Punch             |     3 |     1 |       |       |       ||     4
       Kick              |     9 |     4 |     2 |       |       ||    15
       Quarterstaff      |     4 |    20 |       |       |       ||    24
       Flail             |       |    29 |   292 |   301 |       ||   622
       Morningstar       |       |       |    61 |   257 |       ||   318
       Demon whip        |       |       |       |   138 |   818 ||   956
 Cast: Beastly Appendage |     9 |     2 |     3 |       |       ||    14
Invok: Grow Ballistomyce |       |       |       |     4 |     6 ||    10
       Wall of Briars    |       |       |       |       |     2 ||     2
       Grow Oklob        |       |       |       |       |     1 ||     1
Evoke: Wand              |       |     6 |     2 |    13 |       ||    21
  Use: Potion            |     1 |     1 |     1 |     4 |       ||     7
       Scroll            |       |     6 |    12 |    11 |     8 ||    37
 Stab: Sleeping          |     4 |       |       |       |       ||     4
       Invisible         |       |       |       |     1 |       ||     1
       Confused          |       |       |       |     1 |     3 ||     4
       Paralysed         |       |       |       |     1 |       ||     1
       Distracted        |       |       |       |       |     2 ||     2
Armor: Robe              |    60 |     1 |       |       |       ||    61
       Skin              |     2 |    20 |       |     6 |       ||    28
       Ring mail         |       |    35 |   110 |       |       ||   145
       Plate armour      |       |       |   143 |   443 |   431 ||  1017
Dodge: Dodged            |   104 |    33 |   163 |   240 |   238 ||   778
Block: Buckler           |       |    12 |    89 |   110 |       ||   211
       Kite shield       |       |       |       |    38 |   402 ||   440

Table legend: (Time is in decaauts)
 A = Elapsed time spent in this place.
 B = Non-inter-level travel time spent in this place.
 C = Inter-level travel time spent in this place.
 D = Time resting spent in this place.
 E = Time spent auto-exploring this place.
 F = Levels seen in this place.
 G = Mean time per level.
                   A        B        C        D        E       F      G
               +--------+--------+--------+--------+--------+-----+--------+
         Total |  25323 |  24191 |   1132 |   2568 |  17604 |  20 | 1266.2 |
       Dungeon |  15091 |  14318 |    773 |    806 |  10887 |  12 | 1257.6 |
        Temple |    221 |    206 |     15 |      0 |    169 |   1 |  221.0 |
          Lair |   7124 |   6846 |    278 |    676 |   5291 |   5 | 1424.8 |
  Orcish Mines |   2885 |   2820 |     65 |   1086 |   1256 |   2 | 1442.5 |
               +--------+--------+--------+--------+--------+-----+--------+

Top non-repeatable levels by time:
   Orc:1: 2541 daAuts
  Lair:5: 2220 daAuts
     D:7: 1844 daAuts
     D:8: 1762 daAuts
     D:9: 1743 daAuts
     D:1: 1471 daAuts
     D:4: 1401 daAuts
    D:11: 1399 daAuts
  Lair:4: 1371 daAuts
     D:6: 1355 daAuts
    D:10: 1328 daAuts
  Lair:3: 1302 daAuts
  Lair:2: 1121 daAuts
  Lair:1: 1108 daAuts
     D:2: 1051 daAuts
